 Dungeon Sprint DCSS version 0.32-a0-422-g28b100f618 (webtiles) character file.

Game seed: 14804490409048543376

1336 adelrune the Basher (level 8, -1/79 HPs)
             Began as a Minotaur Fighter on Feb 21, 2024.
             Was a Priest of Cheibriados.
             Shot with an arrow by a centaur warrior (5 damage)
             ... in the Dungeon (Sprint IX: "|||||||||||||||||||||||||||||").
             The game lasted 00:01:49 (292 turns).

adelrune the Basher (Minotaur Fighter)               Turns: 292, Time: 00:01:49

Health: -1/79      AC: 10    Str: 29    XL:     8   Next: 35%
Magic:  7/7        EV: 18    Int: 11    God:    Cheibriados [***...]
Gold:   0          SH:  7    Dex: 19    Spells: 7/7 levels left

rFire   . . .        n - +2 morningstar (protect)
rCold   . . .        c - +0 buckler
rNeg    . . .        p - +2 ring mail
rPois   .            (helmet restricted)
rElec   .            o - +0 cloak
rCorr   .            (no gloves)
SInv    .            (no boots)
Will    .....        (no amulet)
Stlth   +            q - +2 ring of evasion
HPRegen 0.33/turn    r - +3 ring of dexterity
MPRegen 0.10/turn

%: no teleportation
@: mighty, very slow
A: horns 2, retaliatory headbutt
a: Renounce Religion, Bend Time, Temporal Distortion


You were in the Dungeon.
You worshipped Cheibriados.
Cheibriados was most pleased with you.
You visited 1 branch

Inventory:

Hand Weapons
 a - a +0 flail
 n - a +2 morningstar of protection (weapon)
Armour
 b - a +0 scale mail
 c - a +0 buckler (worn)
 o - a +0 cloak (worn)
 p - a +2 ring mail (worn)
Jewellery
 q - a +2 ring of evasion (left hand)
 r - a +3 ring of dexterity (right hand)
Wands
 m - a wand of roots (10)
Scrolls
 j - a scroll of blinking
 l - 2 scrolls of amnesia
Potions
 e - 5 potions of curing
 f - a potion of heal wounds
 g - a potion of haste
 h - 4 potions of magic
 i - a potion of berserk rage
 k - a potion of invisibility


   Skills:
 + Level 10.0 Fighting
 * Level 13.1 Maces & Flails
 + Level 9.9 Armour
 + Level 8.1 Dodging
 + Level 9.7 Shields


You had 7 spell levels left.
You didn't know any spells.
Your spell library was empty.

Dungeon Overview and Level Annotations

Branches:
Dungeon (1/1)

Altars:
Cheibriados
Dithmenos
Elyvilon
Fedhas
Gozag
Hepliaklqana
Kikubaaqudgha
Makhleb
Nemelex Xobeh
Okawaru
Qazlal
Ru
Sif Muna
Trog
Uskayaw
Vehumet
Wu Jian
Xom
Yredelemnul
Zin
The Shining One
Beogh
Jiyva
Lugonu


Innate Abilities, Weirdness & Mutations

You have a pair of horns on your head.
You reflexively headbutt those who attack you in melee.


Message History

The purple ugly thing is severely wounded.
You block the purple ugly thing's attack.
You puncture the purple ugly thing!
The purple ugly thing is almost dead.
You block the purple ugly thing's attack.
You closely miss the purple ugly thing.
Your headbutt misses the purple ugly thing.
The purple ugly thing is severely wounded.
The purple ugly thing claws you!
* * * LOW HITPOINT WARNING * * *
You impale the purple ugly thing!!
You kill the purple ugly thing!
Cheibriados appreciates the change of pace.
Cheibriados raises the support of your attributes as your movement slows.
You can now warp the flow of time around you.
You have reached level 8!
You feel stronger.
You feel much better.
The centaur warrior wields a +0 shortbow.
The centaur warrior shoots an arrow.
Reactivating autopickup.
You feel a bit more experienced.
Your Fighting skill increases to level 10!
Your Maces & Flails skill increases to level 13!
Your Dodging skill increases to level 8!
Blink to where?
Press: ? - help, Dir - move target
As you read the scroll of blinking, it crumbles to dust.
You close the door, pushing everything out of the way.
You see here 7 poisoned darts.
A centaur warrior opens the door.
The centaur warrior shoots an arrow.
You block the arrow.
The centaur warrior shoots an arrow.
You block the arrow.
The centaur warrior shoots an arrow.
You block the arrow.
The centaur warrior shoots an arrow.
The arrow hits you!!
* * * LOW HITPOINT WARNING * * *
You see here a +0 helmet.
The centaur warrior shoots an arrow.
The arrow hits you.
You die...
Cheibriados appreciates the motionlessness of death.

▓c▓
▓D▓
▓c▓
▓(▓
▓.▓
▓.▓
▓.▓
▓[▓
▓@▓
▓)▓
▓.▓
▓.▓
▓'▓
▓_▓
▓_▓
▓_▓
▓_▓


You could see a five-headed hydra and a centaur warrior.

Vanquished Creatures
  An ugly thing (D)
  A troll (D)
  A yak (D)
  A shadow (D)
  2 centaurs (D)
  A phantom (D)
  A kobold brigand (D)
  A hound (D)
  A white imp (D)
  An ufetubus (D)
  2 ball pythons (D)
  A bat (D)
  A hobgoblin (D)
  A quokka (D)
  A frilled lizard (D)
17 creatures vanquished.

Vanquished Creatures (others)
  A vampire (D)
1 creature vanquished.

Grand Total: 18 creatures vanquished

Notes
Turn   | Place    | Note
-------+----------+-------------------------------------------
     0 | D        | adelrune the Minotaur Fighter began the quest for the Orb.
     0 | D        | Reached XP level 1. HP: 19/19 MP: 0/0
     5 | D        | Reached skill level 3 in Maces & Flails
    10 | D        | Reached skill level 1 in Dodging
    12 | D        | Reached XP level 2. HP: 27/27 MP: 1/1
    17 | D        | Noticed a phantom
    22 | D        | Reached skill level 4 in Maces & Flails
    32 | D        | Reached skill level 5 in Fighting
    32 | D        | Reached skill level 5 in Maces & Flails
    32 | D        | Reached XP level 3. HP: 17/36 MP: 2/2
    34 | D        | Reached skill level 5 in Armour
    34 | D        | Reached skill level 5 in Shields
    39 | D        | Killed a phantom
    40 | D        | Reached skill level 7 in Maces & Flails
    40 | D        | Reached XP level 4. HP: 18/44 MP: 3/3
   137 | D        | Found a roughly hewn altar of Beogh.
   137 | D        | Found a snail-covered altar of Cheibriados.
   137 | D        | Found a shadowy altar of Dithmenos.
   137 | D        | Found a white marble altar of Elyvilon.
   137 | D        | Found a blossoming altar of Fedhas.
   137 | D        | Found an opulent altar of Gozag.
   138 | D        | Found a hazy altar of Hepliaklqana.
   139 | D        | Found a viscous altar of Jiyva.
   140 | D        | Found an ancient bone altar of Kikubaaqudgha.
   141 | D        | Found a corrupted altar of Lugonu.
   142 | D        | Found a burning altar of Makhleb.
   143 | D        | Found a sparkling altar of Nemelex Xobeh.
   144 | D        | Found an iron altar of Okawaru.
   145 | D        | Found a stormy altar of Qazlal.
   146 | D        | Found a sacrificial altar of Ru.
   147 | D        | Found a shimmering blue altar of Sif Muna.
   148 | D        | Found a bloodstained altar of Trog.
   149 | D        | Found a hide-covered altar of Uskayaw.
   150 | D        | Found a radiant altar of Vehumet.
   151 | D        | Found an ornate altar of the Wu Jian Council.
   152 | D        | Found a shimmering altar of Xom.
   153 | D        | Found a basalt altar of Yredelemnul.
   154 | D        | Found a glowing silver altar of Zin.
   155 | D        | Found a glowing golden altar of the Shining One.
   177 | D        | Became a worshipper of Cheibriados the Contemplative
   237 | D        | Noticed a centaur
   237 | D        | Noticed a yak
   237 | D        | Noticed a shadow
   237 | D        | Noticed a centaur
   237 | D        | Noticed a troll
   237 | D        | Noticed a kobold brigand
   243 | D        | Killed a kobold brigand
   244 | D        | Reached skill level 8 in Maces & Flails
   244 | D        | Reached XP level 5. HP: 50/51 MP: 4/4
   249 | D        | Killed a troll
   249 | D        | Reached * piety under Cheibriados
   250 | D        | Reached skill level 10 in Maces & Flails
   250 | D        | Reached XP level 6. HP: 37/61 MP: 5/5
   254 | D        | Killed a shadow
   255 | D        | Reached skill level 11 in Maces & Flails
   255 | D        | Reached XP level 7. HP: 44/69 MP: 6/6
   257 | D        | Killed a yak
   257 | D        | Reached ** piety under Cheibriados
   261 | D        | Reached skill level 12 in Maces & Flails
   269 | D        | Noticed a centaur warrior
   269 | D        | Noticed a five-headed hydra
   269 | D        | Noticed a centaur warrior
   269 | D        | Noticed a purple ugly thing
   269 | D        | Noticed a culicivora
   269 | D        | Noticed a vampire
   283 | D        | HP: 3/70 [purple ugly thing (12)]
   284 | D        | Killed a purple ugly thing
   284 | D        | Reached *** piety under Cheibriados
   285 | D        | Reached XP level 8. HP: 4/79 MP: 7/7
   286 | D        | Reached skill level 10 in Fighting
   286 | D        | Reached skill level 13 in Maces & Flails
   291 | D        | HP: 3/79 [centaur warrior/arrow (18)]
   292 | D        | Shot with an arrow by a centaur warrior

Illustrated notes

Levels and vault maps discovered:
D:        linesprint [early_d, line_temple, items_1, d_10, items_2, lair_1,
          lair_end, items_3, orc_1, orc_end, items_4, d_15, swamp_1, shoals_1,
          snake_1, spider_1, d_20, vaults_1, items_5, swamp_end, shoals_end,
          snake_end, spider_end, vaults_end, d_27, items_6, zot_1, zot_end,
          crypt_end, forest_end, elf_end, slime_end, tomb_end, abyss_end,
          pan_hell_end]

Skill      XL: |  1  2  3  4  5  6  7  8 |
---------------+-------------------------+-----
Maces & Flails | 3 5 7 8 10 11 12 13 | 13.1
Fighting       | 4 5 6 8 9 10 | 10.0
Armour         | 4 6 7 8 9 |  9.9
Dodging        | 1 2 4 6 7 8 |  8.1
Shields        | 4 5 6 7 8 9 |  9.7

Action                     |  1- 3 |  4- 6 |  7- 9 || total
---------------------------+-------+-------+-------++-------
  Melee: Flail             |    28 |     1 |       ||    29
         Headbutt          |     1 |     2 |     2 ||     5
         Morningstar       |       |    15 |    18 ||    33
    Use: Potion            |       |       |     3 ||     3
         Scroll            |       |       |     1 ||     1
 Armour: Scale mail        |    37 |       |       ||    37
         Ring mail         |       |    11 |    12 ||    23
  Dodge: Dodged            |    25 |    15 |    11 ||    51
  Block: Buckler           |    16 |     6 |    10 ||    32

Table legend: (Time is in decaauts)
 A = Elapsed time spent in this place.
 B = Non-inter-level travel time spent in this place.
 C = Inter-level travel time spent in this place.
 D = Time resting spent in this place.
 E = Time spent auto-exploring this place.
 F = Levels seen in this place.
 G = Mean time per level.
                   A        B        C        D        E       F      G
               +--------+--------+--------+--------+--------+-----+--------+
         Total |    314 |    314 |      0 |     91 |      0 |   1 |  314.0 |
       Dungeon |    314 |    314 |      0 |     91 |      0 |   1 |  314.0 |
               +--------+--------+--------+--------+--------+-----+--------+

Top non-repeatable levels by time:
       D: 314 daAuts
